[ AOE2 MATCH · #474472674 ]
UnrankedFranks vs Maya
[ REPLAY ANALYSIS · EXTRACTED FROM THE RECORDED GAME ]
Feudal
9:14
Castle
24:26
Imperial
—
| APM avg | 60.1 |
| APM peak | 114 |
| eAPM avg | 21.2 |
| Villagers / military | 53 / 53 |
Focus
⚔️ 39.9% · 🌾 60.1%
Scout Cavalry ×39 · Knight ×14
Feudal
10:53
Castle
14:31
Imperial
—
| APM avg | 45.1 |
| APM peak | 93 |
| eAPM avg | 25.3 |
| Villagers / military | 71 / 20 |
Focus
⚔️ 36.1% · 🌾 63.9%
Plumed Archer ×20
Feudal
8:10
Castle
21:50
Imperial
—
| APM avg | 42.7 |
| APM peak | 71 |
| eAPM avg | 17.6 |
| Villagers / military | 51 / 73 |
Focus
⚔️ 45.2% · 🌾 54.8%
Archer ×70 · Spearman ×3
Feudal
8:14
Castle
20:55
Imperial
—
| APM avg | 66.1 |
| APM peak | 95 |
| eAPM avg | 22.8 |
| Villagers / military | 65 / 56 |
Focus
⚔️ 31.8% · 🌾 68.2%
Battle Elephant ×31 · Scout Cavalry ×25
Feudal
9:09
Castle
21:13
Imperial
—
| APM avg | 53.0 |
| APM peak | 85 |
| eAPM avg | 18.3 |
| Villagers / military | 72 / 18 |
Focus
⚔️ 35.0% · 🌾 65.0%
Scout Cavalry ×12 · Knight ×4 · Spearman ×2
Feudal
8:39
Castle
25:04
Imperial
—
| APM avg | 67.3 |
| APM peak | 110 |
| eAPM avg | 23.7 |
| Villagers / military | 63 / 84 |
Focus
⚔️ 55.5% · 🌾 44.5%
Archer ×84
Feudal
8:44
Castle
20:50
Imperial
—
| APM avg | 56.5 |
| APM peak | 105 |
| eAPM avg | 30.7 |
| Villagers / military | 75 / 20 |
Focus
⚔️ 24.8% · 🌾 75.2%
Unknown (1944) ×27 · Scout Cavalry ×18 · Monk ×1 · Spearman ×1
Feudal
8:56
Castle
21:26
Imperial
—
| APM avg | 48.3 |
| APM peak | 86 |
| eAPM avg | 19.6 |
| Villagers / military | 61 / 42 |
Focus
⚔️ 49.7% · 🌾 50.3%
Archer ×42
Match map
Initial resources + every placement click. Lines = walls · curves = elevation contours. ◆ gold · ⬟ stone · ● berries · ✦ relic · ◌ wall gap
Your base· Open — 6t gap
BeefBro's base· Open — 7t gap
OS | dreamerion92's base· Open — unwalled flank
復健中's base· Open — 13t gap
Overcome's base· Open — unwalled flank
ANKR.ice cream's base· Open — 3t gap
Dooidy's base· Open — 7t gap
[TNT] KKKFFFFFFCC's base· Open — 8t gap
Smoothed initial terrain · ◌ = detected wall gap · hover for details
Inputs per minute
— OnlyOuOb - - BeefBro
Build order — OnlyOuOb
First 150 of 182 actions detected
| 0:06 | Build | Town Center |
| 1:10 | Create | Villager (Male) |
| 1:10 | Create | Villager (Male) |
| 1:10 | Create | Villager (Male) |
| 1:10 | Create | Villager (Male) |
| 1:11 | Create | Villager (Male) |
| 1:53 | Create | Villager (Male) |
| 1:54 | Create | Villager (Male) |
| 2:06 | Build | Lumber Camp |
| 2:09 | Create | Villager (Male) |
| 2:21 | Build | House |
| 2:34 | Build | House |
| 2:54 | Create | Villager (Male) |
| 3:12 | Create | Villager (Male) |
| 3:12 | Create | Villager (Male) |
| 3:37 | Create | Villager (Male) |
| 3:37 | Create | Villager (Male) |
| 3:56 | Create | Villager (Male) |
| 4:13 | Build | Mill |
| 4:20 | Create | Villager (Male) |
| 4:43 | Create | Villager (Male) |
| 4:52 | Create | Villager (Male) |
| 5:26 | Build | House |
| 5:30 | Create | Villager (Male) |
| 6:27 | Research | Loom |
| 6:44 | Build | House |
| 6:58 | Build | Barracks |
| 7:04 | Research | Feudal Age |
| 7:04 | Research | Feudal Age |
| 8:12 | Build | Lumber Camp |
| 9:14 | Age | Feudal Age |
| 9:15 | Build | Stable |
| 9:20 | Create | Villager (Male) |
| 9:23 | Research | Double-Bit Axe |
| 9:23 | Research | Double-Bit Axe |
| 9:38 | Create | Villager (Male) |
| 9:52 | Build | Palisade Wall |
| 9:53 | Create | Villager (Male) |
| 9:59 | Create | Scout Cavalry |
| 9:59 | Create | Scout Cavalry |
| 10:19 | Create | Villager (Male) |
| 10:25 | Build | Blacksmith |
| 10:27 | Create | Scout Cavalry |
| 10:40 | Create | Scout Cavalry |
| 11:07 | Build | House |
| 11:20 | Research | Scale Barding Armor |
| 11:20 | Research | Scale Barding Armor |
| 11:32 | Build | House |
| 11:40 | Create | Villager (Male) |
| 11:43 | Create | Villager (Male) |
| 11:44 | Build | Farm |
| 11:45 | Build | Farm |
| 12:00 | Create | Scout Cavalry |
| 12:17 | Create | Scout Cavalry |
| 12:39 | Create | Villager (Male) |
| 12:39 | Create | Villager (Male) |
| 12:46 | Build | Farm |
| 12:56 | Create | Villager (Male) |
| 13:06 | Build | Palisade Wall |
| 13:10 | Build | Palisade Wall |
| 13:12 | Build | Farm |
| 13:15 | Build | Farm |
| 13:28 | Build | Farm |
| 13:35 | Create | Scout Cavalry |
| 13:37 | Create | Scout Cavalry |
| 13:37 | Create | Scout Cavalry |
| 14:02 | Build | Stable |
| 14:07 | Create | Villager (Male) |
| 14:14 | Create | Scout Cavalry |
| 14:15 | Create | Scout Cavalry |
| 14:15 | Create | Scout Cavalry |
| 14:23 | Create | Scout Cavalry |
| 14:28 | Create | Villager (Male) |
| 14:29 | Build | Farm |
| 14:31 | Build | Palisade Wall |
| 14:33 | Build | Palisade Wall |
| 14:34 | Build | Palisade Wall |
| 14:40 | Create | Villager (Male) |
| 14:41 | Build | Farm |
| 14:56 | Create | Scout Cavalry |
| 14:58 | Build | House |
| 15:11 | Create | Scout Cavalry |
| 15:21 | Build | Farm |
| 15:28 | Build | Farm |
| 15:33 | Build | Palisade Gate |
| 15:37 | Create | Scout Cavalry |
| 15:46 | Create | Villager (Male) |
| 15:48 | Build | House |
| 15:57 | Create | Scout Cavalry |
| 15:59 | Create | Scout Cavalry |
| 16:07 | Build | House |
| 16:13 | Create | Villager (Male) |
| 16:15 | Build | Farm |
| 16:16 | Build | Farm |
| 16:18 | Build | Farm |
| 16:21 | Create | Scout Cavalry |
| 16:30 | Create | Scout Cavalry |
| 16:55 | Create | Villager (Male) |
| 16:59 | Build | Farm |
| 17:00 | Create | Villager (Male) |
| 17:13 | Create | Scout Cavalry |
| 17:20 | Build | House |
| 17:32 | Build | Mining Camp |
| 17:37 | Create | Scout Cavalry |
| 17:37 | Create | Scout Cavalry |
| 17:39 | Create | Villager (Male) |
| 17:39 | Create | Villager (Male) |
| 17:42 | Build | Farm |
| 17:43 | Build | Farm |
| 17:43 | Create | Villager (Male) |
| 18:05 | Create | Scout Cavalry |
| 18:05 | Create | Scout Cavalry |
| 18:14 | Create | Villager (Male) |
| 18:37 | Create | Scout Cavalry |
| 18:45 | Build | Farm |
| 18:50 | Create | Scout Cavalry |
| 19:08 | Create | Scout Cavalry |
| 19:08 | Create | Scout Cavalry |
| 19:15 | Create | Scout Cavalry |
| 19:19 | Create | Villager (Male) |
| 19:21 | Create | Scout Cavalry |
| 19:21 | Create | Scout Cavalry |
| 19:39 | Create | Villager (Male) |
| 20:03 | Create | Villager (Male) |
| 20:04 | Create | Villager (Male) |
| 20:08 | Build | Mill |
| 20:09 | Build | Farm |
| 20:09 | Build | Farm |
| 20:09 | Build | Farm |
| 20:09 | Build | Farm |
| 20:10 | Build | Farm |
| 20:42 | Create | Scout Cavalry |
| 21:46 | Research | Castle Age |
| 21:46 | Research | Castle Age |
| 21:57 | Build | Stable |
| 22:11 | Build | Farm |
| 22:30 | Create | Scout Cavalry |
| 22:30 | Create | Scout Cavalry |
| 22:42 | Build | Lumber Camp |
| 22:44 | Build | Lumber Camp |
| 22:53 | Research | Forging |
| 22:54 | Research | Forging |
| 23:00 | Create | Scout Cavalry |
| 23:06 | Research | Gold Mining |
| 23:06 | Research | Gold Mining |
| 23:36 | Build | House |
| 23:48 | Create | Villager (Male) |
| 23:51 | Research | Wheelbarrow |
| 23:59 | Create | Scout Cavalry |
| 23:59 | Create | Scout Cavalry |
Build order — BeefBro
First 150 of 174 actions detected
| 0:08 | Build | Town Center |
| 1:10 | Create | Villager (Male) ×3 |
| 1:11 | Create | Villager (Male) ×3 |
| 1:45 | Create | Villager (Male) |
| 1:45 | Create | Villager (Male) |
| 2:19 | Create | Villager (Male) |
| 2:19 | Create | Villager (Male) |
| 2:21 | Build | Lumber Camp |
| 2:55 | Create | Villager (Male) |
| 2:55 | Create | Villager (Male) |
| 2:55 | Create | Villager (Male) |
| 3:13 | Build | House |
| 3:46 | Build | Palisade Wall |
| 3:52 | Create | Villager (Male) |
| 3:52 | Create | Villager (Male) |
| 3:52 | Create | Villager (Male) |
| 3:52 | Create | Villager (Male) |
| 4:02 | Build | Palisade Wall |
| 4:03 | Build | Palisade Wall |
| 4:04 | Build | Palisade Wall |
| 4:28 | Build | House |
| 4:33 | Create | Villager (Male) |
| 4:33 | Create | Villager (Male) |
| 5:00 | Build | House |
| 5:01 | Build | Palisade Wall |
| 5:01 | Build | Palisade Wall |
| 5:13 | Build | Palisade Wall |
| 5:14 | Build | Palisade Wall |
| 5:56 | Build | Palisade Wall |
| 5:59 | Create | Villager (Male) |
| 6:19 | Create | Villager (Male) |
| 6:29 | Build | House |
| 6:40 | Create | Villager (Male) |
| 6:45 | Build | Mining Camp |
| 6:54 | Build | Palisade Wall |
| 6:57 | Build | Palisade Wall |
| 7:10 | Create | Villager (Male) |
| 7:30 | Build | Mill |
| 7:49 | Create | Villager (Male) |
| 8:15 | Research | Feudal Age |
| 8:18 | Research | Loom |
| 8:18 | Research | Loom |
| 8:18 | Research | Feudal Age |
| 8:18 | Research | Feudal Age |
| 8:38 | Build | Outpost |
| 9:00 | Build | Palisade Wall |
| 9:06 | Build | Palisade Wall |
| 9:09 | Build | Palisade Gate |
| 10:53 | Age | Feudal Age |
| 10:55 | Build | Blacksmith |
| 10:56 | Create | Villager (Male) |
| 10:59 | Build | Market |
| 11:09 | Create | Villager (Male) |
| 11:51 | Research | Castle Age |
| 11:51 | Research | Castle Age |
| 12:14 | Build | House |
| 12:19 | Build | House |
| 13:07 | Build | Watch Tower |
| 13:23 | Build | House |
| 14:31 | Age | Castle Age |
| 14:32 | Build | Town Center |
| 14:34 | Create | Villager (Male) |
| 14:52 | Create | Villager (Male) |
| 15:27 | Create | Villager (Male) |
| 15:28 | Create | Villager (Male) |
| 15:39 | Build | Mining Camp |
| 16:02 | Create | Villager (Male) |
| 16:02 | Create | Villager (Male) |
| 16:10 | Research | Double-Bit Axe |
| 16:10 | Research | Double-Bit Axe |
| 16:10 | Research | Horse Collar |
| 16:19 | Build | Farm |
| 16:20 | Build | Farm |
| 16:28 | Build | House |
| 16:30 | Create | Villager (Male) |
| 16:30 | Create | Villager (Male) |
| 16:46 | Build | Farm |
| 16:52 | Build | Farm |
| 16:59 | Create | Villager (Male) |
| 17:13 | Create | Villager (Male) |
| 17:33 | Create | Villager (Male) |
| 17:41 | Build | Farm |
| 17:43 | Create | Villager (Male) |
| 18:01 | Create | Villager (Male) |
| 18:01 | Create | Villager (Male) |
| 18:17 | Create | Villager (Male) |
| 18:17 | Create | Villager (Male) |
| 18:18 | Build | Farm |
| 18:20 | Build | Farm |
| 18:33 | Build | Farm |
| 18:35 | Create | Villager (Male) |
| 18:46 | Create | Villager (Male) |
| 18:52 | Build | Farm |
| 19:02 | Create | Villager (Male) |
| 19:19 | Create | Villager (Male) |
| 19:21 | Create | Villager (Male) |
| 19:21 | Create | Villager (Male) |
| 19:35 | Create | Villager (Male) |
| 19:48 | Build | Castle |
| 19:56 | Create | Villager (Male) |
| 20:02 | Create | Villager (Male) |
| 20:03 | Create | Villager (Male) |
| 20:30 | Create | Villager (Male) |
| 20:30 | Create | Villager (Male) |
| 20:43 | Research | Town Watch |
| 20:43 | Research | Town Watch |
| 20:48 | Build | Outpost |
| 20:56 | Build | Farm |
| 20:57 | Build | Farm |
| 21:08 | Create | Plumed Archer |
| 21:26 | Build | Town Center |
| 21:30 | Create | Plumed Archer |
| 21:31 | Create | Villager (Male) |
| 21:31 | Create | Villager (Male) |
| 21:34 | Create | Plumed Archer |
| 21:47 | Create | Plumed Archer |
| 21:49 | Research | Fletching |
| 21:49 | Research | Fletching |
| 21:52 | Create | Plumed Archer |
| 22:02 | Build | Farm |
| 22:22 | Research | Wheelbarrow |
| 22:22 | Research | Wheelbarrow |
| 22:25 | Create | Plumed Archer |
| 22:26 | Research | Bodkin Arrow |
| 22:31 | Build | Outpost |
| 22:34 | Create | Villager (Male) |
| 22:34 | Create | Villager (Male) |
| 22:39 | Build | Mining Camp |
| 23:03 | Create | Plumed Archer |
| 23:15 | Create | Plumed Archer |
| 23:17 | Create | Villager (Male) |
| 23:18 | Create | Villager (Male) |
| 23:18 | Create | Villager (Male) |
| 23:22 | Build | University |
| 23:23 | Create | Plumed Archer |
| 23:33 | Create | Plumed Archer |
| 23:35 | Create | Villager (Male) |
| 23:39 | Build | Farm |
| 24:05 | Create | Plumed Archer |
| 24:07 | Create | Villager (Male) |
| 24:07 | Create | Villager (Male) |
| 24:10 | Build | Farm |
| 24:11 | Build | Farm |
| 24:12 | Build | Farm |
| 24:30 | Research | Ballistics |
| 24:30 | Research | Ballistics |
| 24:33 | Create | Plumed Archer |
| 24:33 | Create | Plumed Archer |
| 24:45 | Build | Mining Camp |
| 24:53 | Create | Plumed Archer |
Build order — OS | dreamerion92
First 150 of 170 actions detected
| 0:05 | Build | Town Center |
| 1:08 | Create | Villager (Male) |
| 1:09 | Create | Villager (Male) |
| 1:09 | Create | Villager (Male) |
| 1:09 | Create | Villager (Male) |
| 1:10 | Create | Villager (Male) |
| 1:29 | Build | Mill |
| 2:18 | Create | Villager (Male) |
| 3:03 | Create | Villager (Male) |
| 3:28 | Create | Villager (Male) |
| 3:38 | Create | Villager (Male) |
| 4:00 | Create | Villager (Male) |
| 4:16 | Create | Villager (Male) |
| 4:48 | Build | Lumber Camp |
| 5:20 | Create | Villager (Male) |
| 6:00 | Research | Feudal Age |
| 7:11 | Build | Barracks |
| 7:37 | Create | Villager (Male) |
| 8:10 | Age | Feudal Age |
| 8:15 | Build | Archery Range |
| 8:17 | Create | Villager (Male) |
| 8:34 | Build | Archery Range |
| 8:38 | Build | House |
| 8:42 | Create | Villager (Male) |
| 8:54 | Create | Archer |
| 8:54 | Create | Archer |
| 9:23 | Build | House |
| 9:27 | Create | Villager (Male) |
| 9:47 | Create | Villager (Male) |
| 9:51 | Build | Blacksmith |
| 9:56 | Create | Spearman |
| 10:02 | Create | Archer |
| 10:02 | Create | Archer |
| 10:35 | Create | Archer |
| 10:35 | Create | Archer |
| 10:37 | Create | Villager (Male) |
| 11:07 | Research | Fletching |
| 11:09 | Build | House |
| 11:10 | Create | Villager (Male) |
| 11:34 | Create | Archer |
| 11:34 | Create | Archer |
| 11:37 | Create | Villager (Male) |
| 11:46 | Build | Mill |
| 11:48 | Create | Villager (Male) |
| 11:51 | Build | House |
| 11:52 | Build | House |
| 12:19 | Create | Archer |
| 12:20 | Create | Archer |
| 12:48 | Create | Archer |
| 12:49 | Create | Archer |
| 12:50 | Create | Villager (Male) |
| 12:54 | Build | House |
| 12:58 | Create | Archer |
| 12:58 | Create | Archer |
| 13:00 | Create | Villager (Male) |
| 13:34 | Create | Archer |
| 13:59 | Create | Archer |
| 13:59 | Create | Archer |
| 14:21 | Create | Archer |
| 14:22 | Create | Archer |
| 14:22 | Create | Villager (Male) |
| 14:26 | Build | House |
| 14:27 | Create | Villager (Male) |
| 14:31 | Build | Mill |
| 14:36 | Build | Mill |
| 14:45 | Create | Archer |
| 14:45 | Create | Archer |
| 15:06 | Create | Archer |
| 15:06 | Create | Archer |
| 15:07 | Create | Villager (Male) |
| 15:11 | Research | Double-Bit Axe |
| 15:12 | Research | Loom |
| 15:19 | Create | Archer |
| 15:19 | Create | Archer |
| 15:47 | Create | Archer |
| 15:47 | Create | Archer |
| 15:58 | Create | Villager (Male) |
| 16:03 | Create | Archer |
| 16:03 | Create | Archer |
| 16:04 | Create | Villager (Male) |
| 16:11 | Build | Mill |
| 16:17 | Create | Archer |
| 16:54 | Create | Archer |
| 16:54 | Create | Archer |
| 16:54 | Create | Villager (Male) |
| 16:59 | Build | Market |
| 17:01 | Create | Villager (Male) |
| 17:03 | Create | Villager (Male) |
| 17:21 | Create | Archer |
| 17:22 | Create | Archer |
| 17:23 | Create | Villager (Male) |
| 17:26 | Create | Spearman |
| 17:53 | Create | Archer |
| 17:53 | Create | Villager (Male) |
| 17:57 | Build | House |
| 18:15 | Build | House |
| 18:46 | Create | Archer |
| 18:46 | Create | Archer |
| 19:10 | Research | Castle Age |
| 19:18 | Build | House |
| 19:20 | Build | House |
| 19:46 | Create | Archer |
| 19:47 | Create | Archer |
| 19:53 | Build | Farm |
| 19:53 | Build | Farm |
| 19:54 | Build | Farm |
| 20:15 | Create | Spearman |
| 20:57 | Create | Archer |
| 20:57 | Create | Archer |
| 20:59 | Build | Archery Range |
| 21:05 | Create | Villager (Male) |
| 21:15 | Create | Archer |
| 21:15 | Create | Archer |
| 21:17 | Create | Archer |
| 21:21 | Create | Villager (Male) |
| 21:30 | Build | House |
| 21:35 | Build | Palisade Wall |
| 21:42 | Create | Archer |
| 21:43 | Create | Archer |
| 21:44 | Create | Villager (Male) |
| 21:50 | Age | Castle Age |
| 21:51 | Create | Villager (Male) |
| 21:56 | Research | Crossbowman (upgrade) |
| 22:11 | Research | Padded Archer Armor |
| 22:15 | Research | Bodkin Arrow |
| 22:15 | Research | Bodkin Arrow |
| 22:18 | Create | Villager (Male) |
| 22:24 | Build | Mining Camp |
| 22:30 | Build | Farm |
| 22:32 | Create | Archer |
| 22:32 | Create | Archer |
| 22:33 | Create | Archer |
| 22:46 | Build | Farm |
| 22:57 | Create | Archer |
| 22:58 | Create | Archer |
| 23:13 | Build | Farm |
| 23:16 | Create | Archer |
| 23:17 | Create | Archer |
| 23:26 | Create | Archer |
| 23:26 | Create | Archer |
| 23:44 | Build | Mill |
| 23:52 | Create | Archer |
| 23:53 | Create | Archer |
| 24:05 | Create | Villager (Male) |
| 24:19 | Create | Archer |
| 24:19 | Create | Archer |
| 24:25 | Create | Archer |
| 24:26 | Create | Archer |
| 24:26 | Create | Archer |
| 24:27 | Create | Villager (Male) |
Build order — 復健中
First 150 of 208 actions detected
| 0:02 | Build | Town Center |
| 1:03 | Create | Villager (Male) |
| 1:03 | Create | Villager (Male) |
| 1:04 | Create | Villager (Male) |
| 1:15 | Create | Villager (Male) |
| 1:15 | Create | Villager (Male) |
| 1:48 | Create | Villager (Male) |
| 1:48 | Create | Villager (Male) |
| 2:31 | Create | Villager (Male) |
| 2:31 | Create | Villager (Male) |
| 2:50 | Build | Lumber Camp |
| 3:10 | Create | Villager (Male) |
| 3:10 | Create | Villager (Male) |
| 3:20 | Build | Mill |
| 3:35 | Create | Villager (Male) |
| 3:35 | Create | Villager (Male) |
| 3:59 | Create | Villager (Male) |
| 3:59 | Create | Villager (Male) |
| 4:12 | Create | Villager (Male) |
| 4:13 | Create | Villager (Male) |
| 4:22 | Create | Villager (Male) |
| 4:22 | Create | Villager (Male) |
| 6:04 | Research | Feudal Age |
| 6:05 | Research | Feudal Age |
| 6:30 | Research | Loom |
| 7:18 | Build | House |
| 7:22 | Create | Villager (Male) |
| 8:01 | Build | House |
| 8:14 | Age | Feudal Age |
| 8:17 | Build | Stable |
| 8:19 | Research | Double-Bit Axe |
| 8:27 | Research | Horse Collar |
| 8:27 | Research | Horse Collar |
| 8:28 | Create | Villager (Male) |
| 8:46 | Build | House |
| 9:02 | Create | Scout Cavalry |
| 9:02 | Create | Scout Cavalry |
| 9:08 | Create | Villager (Male) |
| 9:11 | Build | Farm |
| 9:31 | Create | Villager (Male) |
| 9:35 | Build | House |
| 9:37 | Build | Palisade Wall |
| 9:41 | Build | House |
| 10:12 | Create | Scout Cavalry |
| 10:13 | Create | Villager (Male) |
| 10:24 | Create | Scout Cavalry |
| 10:26 | Create | Villager (Male) |
| 10:32 | Build | Palisade Wall |
| 10:33 | Build | Palisade Gate |
| 10:34 | Create | Villager (Male) |
| 10:42 | Build | Farm |
| 10:45 | Build | Farm |
| 10:51 | Create | Scout Cavalry |
| 10:55 | Build | Farm |
| 11:02 | Create | Villager (Male) |
| 11:21 | Build | House |
| 11:29 | Build | Farm |
| 11:33 | Create | Scout Cavalry |
| 11:39 | Create | Villager (Male) |
| 11:43 | Build | House |
| 11:53 | Create | Scout Cavalry |
| 12:04 | Create | Villager (Male) |
| 12:11 | Build | Farm |
| 12:11 | Build | Farm |
| 12:23 | Create | Scout Cavalry |
| 12:38 | Create | Villager (Male) |
| 12:41 | Build | Farm |
| 12:51 | Build | House |
| 12:53 | Build | Palisade Wall |
| 13:02 | Create | Villager (Male) |
| 13:06 | Build | Farm |
| 13:33 | Create | Scout Cavalry |
| 13:33 | Create | Villager (Male) |
| 13:42 | Build | Blacksmith |
| 13:50 | Create | Villager (Male) |
| 13:55 | Build | House |
| 13:58 | Create | Scout Cavalry |
| 14:04 | Create | Scout Cavalry |
| 14:05 | Create | Villager (Male) |
| 14:14 | Research | Wheelbarrow |
| 14:24 | Create | Scout Cavalry |
| 14:25 | Create | Villager (Male) |
| 14:31 | Build | Farm |
| 14:32 | Build | Farm |
| 14:32 | Build | Farm |
| 14:44 | Create | Scout Cavalry |
| 15:12 | Research | Scale Barding Armor |
| 15:25 | Build | House |
| 15:31 | Build | Mining Camp |
| 15:43 | Create | Scout Cavalry |
| 15:54 | Create | Villager (Male) |
| 15:56 | Create | Scout Cavalry |
| 15:59 | Build | Mill |
| 16:32 | Create | Scout Cavalry |
| 16:33 | Create | Villager (Male) |
| 16:39 | Research | Bloodlines |
| 16:45 | Create | Scout Cavalry |
| 16:46 | Create | Villager (Male) |
| 16:52 | Build | Farm |
| 16:53 | Build | Farm |
| 16:59 | Create | Scout Cavalry |
| 17:05 | Create | Scout Cavalry |
| 17:09 | Create | Villager (Male) |
| 17:12 | Build | Farm |
| 17:12 | Build | Farm |
| 17:12 | Build | Farm |
| 17:12 | Build | Farm |
| 17:13 | Build | Farm |
| 17:35 | Create | Villager (Male) |
| 18:10 | Research | Castle Age |
| 18:23 | Build | Palisade Wall |
| 18:26 | Build | Palisade Wall |
| 18:31 | Create | Scout Cavalry |
| 18:31 | Create | Scout Cavalry |
| 18:36 | Build | Stable |
| 18:44 | Research | Forging |
| 18:58 | Create | Scout Cavalry |
| 19:03 | Research | Gold Mining |
| 19:11 | Create | Scout Cavalry |
| 19:31 | Create | Scout Cavalry |
| 19:31 | Create | Scout Cavalry |
| 19:38 | Build | Farm |
| 19:39 | Build | Farm |
| 20:03 | Build | House |
| 20:49 | Create | Villager (Male) |
| 20:55 | Age | Castle Age |
| 20:58 | Research | Chain Barding Armor |
| 20:59 | Research | Light Cavalry (upgrade) |
| 21:01 | Create | Battle Elephant |
| 21:01 | Create | Battle Elephant |
| 21:04 | Create | Villager (Male) |
| 21:05 | Research | Bow Saw |
| 21:10 | Research | Heavy Plow |
| 21:18 | Create | Villager (Male) |
| 21:27 | Create | Battle Elephant |
| 21:27 | Create | Battle Elephant |
| 21:33 | Create | Battle Elephant |
| 21:41 | Create | Villager (Male) |
| 21:48 | Create | Villager (Male) |
| 22:06 | Create | Battle Elephant |
| 22:07 | Create | Battle Elephant |
| 22:17 | Create | Villager (Male) |
| 22:27 | Create | Battle Elephant |
| 22:28 | Create | Battle Elephant |
| 22:39 | Create | Battle Elephant |
| 22:40 | Create | Villager (Male) |
| 22:55 | Create | Battle Elephant |
| 22:56 | Create | Battle Elephant |
| 22:57 | Create | Villager (Male) |
| 23:00 | Build | Town Center |
Build order — Overcome
First 150 of 162 actions detected
| 0:04 | Build | Town Center |
| 1:08 | Create | Villager (Male) |
| 1:09 | Create | Villager (Male) |
| 1:09 | Create | Villager (Male) |
| 1:10 | Create | Villager (Male) |
| 1:11 | Create | Villager (Male) |
| 1:40 | Create | Villager (Male) |
| 1:41 | Create | Villager (Male) |
| 2:03 | Build | Lumber Camp |
| 2:13 | Create | Villager (Male) |
| 2:14 | Create | Villager (Male) |
| 2:46 | Create | Villager (Male) |
| 2:46 | Create | Villager (Male) |
| 2:47 | Create | Villager (Male) |
| 2:47 | Create | Villager (Male) |
| 3:15 | Create | Villager (Male) |
| 3:15 | Create | Villager (Male) |
| 3:15 | Create | Villager (Male) |
| 3:46 | Create | Villager (Male) |
| 4:29 | Create | Villager (Male) |
| 4:52 | Create | Villager (Male) |
| 4:53 | Create | Villager (Male) |
| 5:20 | Create | Villager (Male) |
| 5:20 | Create | Villager (Male) |
| 6:07 | Research | Loom |
| 6:08 | Build | Mill |
| 6:59 | Research | Feudal Age |
| 6:59 | Research | Feudal Age |
| 7:00 | Research | Feudal Age |
| 7:02 | Build | Barracks |
| 8:36 | Research | Loom |
| 8:47 | Create | Villager (Male) |
| 9:09 | Age | Feudal Age |
| 9:12 | Build | Stable |
| 9:13 | Research | Double-Bit Axe |
| 9:14 | Research | Double-Bit Axe |
| 9:16 | Create | Spearman |
| 9:21 | Create | Villager (Male) |
| 9:53 | Create | Scout Cavalry |
| 10:03 | Create | Villager (Male) |
| 10:05 | Build | Mill |
| 10:10 | Create | Scout Cavalry |
| 10:29 | Create | Villager (Male) |
| 10:43 | Create | Scout Cavalry |
| 10:44 | Create | Villager (Male) |
| 10:52 | Build | Farm |
| 11:11 | Create | Villager (Male) |
| 11:13 | Create | Scout Cavalry |
| 11:20 | Create | Villager (Male) |
| 11:32 | Create | Villager (Male) |
| 11:33 | Create | Spearman |
| 11:37 | Build | Palisade Wall |
| 11:38 | Build | Palisade Wall |
| 11:38 | Build | Palisade Wall |
| 11:44 | Build | Farm |
| 11:49 | Create | Scout Cavalry |
| 12:11 | Build | Farm |
| 12:12 | Create | Villager (Male) |
| 12:30 | Build | Farm |
| 12:43 | Build | Farm |
| 12:51 | Build | Farm |
| 12:53 | Build | Farm |
| 12:56 | Create | Scout Cavalry |
| 13:03 | Build | Blacksmith |
| 13:05 | Create | Villager (Male) |
| 13:17 | Build | Farm |
| 13:20 | Build | Farm |
| 13:27 | Create | Scout Cavalry |
| 13:34 | Create | Villager (Male) |
| 13:40 | Build | Farm |
| 13:57 | Build | Palisade Wall |
| 13:59 | Build | Palisade Wall |
| 14:03 | Create | Villager (Male) |
| 14:05 | Create | Scout Cavalry |
| 14:17 | Build | Farm |
| 14:28 | Create | Villager (Male) |
| 14:41 | Research | Scale Barding Armor |
| 14:41 | Research | Scale Barding Armor |
| 14:43 | Research | Bloodlines |
| 14:43 | Research | Bloodlines |
| 14:49 | Create | Villager (Male) |
| 14:53 | Build | Farm |
| 14:55 | Build | Farm |
| 15:00 | Build | Farm |
| 15:12 | Create | Villager (Male) |
| 15:33 | Build | Palisade Gate |
| 15:34 | Create | Villager (Male) |
| 15:38 | Build | Palisade Wall |
| 16:17 | Create | Scout Cavalry |
| 16:18 | Create | Villager (Male) |
| 16:40 | Create | Villager (Male) |
| 16:46 | Create | Scout Cavalry |
| 16:50 | Build | Farm |
| 17:27 | Create | Villager (Male) |
| 17:53 | Create | Villager (Male) |
| 17:59 | Build | Palisade Wall |
| 18:01 | Build | Palisade Wall |
| 18:10 | Build | Mining Camp |
| 18:33 | Research | Castle Age |
| 18:34 | Research | Castle Age |
| 18:42 | Build | Farm |
| 18:52 | Create | Villager (Male) |
| 19:24 | Create | Villager (Male) |
| 19:33 | Build | Farm |
| 19:35 | Build | Farm |
| 19:41 | Create | Scout Cavalry |
| 19:45 | Build | Farm |
| 19:51 | Create | Villager (Male) |
| 19:58 | Build | Palisade Wall |
| 20:08 | Create | Scout Cavalry |
| 20:21 | Create | Villager (Male) |
| 20:30 | Build | Farm |
| 20:31 | Build | Farm |
| 20:31 | Build | Farm |
| 20:38 | Build | Farm |
| 21:13 | Age | Castle Age |
| 21:16 | Research | Light Cavalry (upgrade) |
| 21:16 | Research | Light Cavalry (upgrade) |
| 21:24 | Build | Town Center |
| 21:33 | Create | Villager (Male) |
| 21:42 | Create | Villager (Male) |
| 21:56 | Create | Villager (Male) |
| 21:59 | Create | Knight |
| 22:05 | Build | Farm |
| 22:07 | Create | Knight |
| 22:07 | Create | Knight |
| 22:11 | Create | Villager (Male) |
| 22:11 | Create | Villager (Male) |
| 22:11 | Create | Villager (Male) |
| 22:16 | Build | Stable |
| 22:22 | Build | Farm |
| 22:23 | Build | Farm |
| 22:25 | Build | Farm |
| 22:26 | Build | Farm |
| 23:15 | Build | Palisade Gate |
| 23:16 | Create | Villager (Male) |
| 23:41 | Create | Villager (Male) |
| 23:43 | Create | Knight |
| 23:47 | Build | Farm |
| 23:54 | Create | Villager (Male) |
| 23:54 | Create | Villager (Male) |
| 23:55 | Create | Villager (Male) |
| 23:55 | Create | Villager (Male) |
| 24:06 | Build | Farm |
| 24:10 | Build | Farm |
| 24:11 | Build | Farm |
| 24:20 | Create | Villager (Male) |
| 24:20 | Create | Villager (Male) |
| 24:21 | Create | Villager (Male) |
| 24:30 | Create | Villager (Male) |
Build order — ANKR.ice cream
First 150 of 224 actions detected
| 0:23 | Build | Town Center |
| 1:28 | Create | Villager (Male) |
| 1:28 | Create | Villager (Male) |
| 1:28 | Create | Villager (Male) |
| 1:29 | Create | Villager (Male) |
| 1:29 | Create | Villager (Male) |
| 2:12 | Create | Villager (Male) |
| 2:12 | Create | Villager (Male) |
| 2:31 | Build | Lumber Camp |
| 2:36 | Create | Villager (Male) |
| 2:36 | Create | Villager (Male) |
| 2:52 | Create | Villager (Male) |
| 3:03 | Create | Villager (Male) |
| 3:03 | Create | Villager (Male) |
| 3:42 | Build | House |
| 3:53 | Build | House |
| 4:12 | Create | Villager (Male) |
| 4:13 | Create | Villager (Male) |
| 4:13 | Create | Villager (Male) |
| 4:54 | Build | Barracks |
| 5:52 | Create | Villager (Male) |
| 6:29 | Research | Feudal Age |
| 6:30 | Research | Feudal Age |
| 6:50 | Build | House |
| 8:03 | Create | Villager (Male) |
| 8:15 | Build | Mining Camp |
| 8:39 | Age | Feudal Age |
| 8:43 | Build | Archery Range |
| 8:47 | Build | Archery Range |
| 8:58 | Create | Villager (Male) |
| 8:58 | Create | Villager (Male) |
| 9:11 | Research | Double-Bit Axe |
| 9:14 | Create | Villager (Male) |
| 9:14 | Create | Villager (Male) |
| 9:35 | Build | Blacksmith |
| 9:42 | Create | Villager (Male) |
| 9:42 | Create | Villager (Male) |
| 9:44 | Create | Archer |
| 9:44 | Create | Archer |
| 9:53 | Build | House |
| 9:54 | Create | Archer |
| 9:54 | Create | Archer |
| 10:04 | Create | Villager (Male) |
| 10:04 | Create | Villager (Male) |
| 10:12 | Build | House |
| 10:32 | Build | Watch Tower |
| 10:36 | Create | Archer |
| 10:36 | Create | Archer |
| 10:37 | Create | Villager (Male) |
| 10:37 | Create | Villager (Male) |
| 10:39 | Build | House |
| 10:41 | Build | House |
| 11:09 | Research | Fletching |
| 11:10 | Create | Archer |
| 11:35 | Create | Villager (Male) |
| 11:35 | Create | Villager (Male) |
| 11:49 | Create | Archer |
| 11:49 | Create | Archer |
| 12:16 | Create | Archer |
| 12:30 | Create | Villager (Male) |
| 12:35 | Create | Archer |
| 12:35 | Create | Archer |
| 12:53 | Create | Villager (Male) |
| 12:53 | Create | Villager (Male) |
| 13:03 | Create | Archer |
| 13:04 | Create | Archer |
| 13:07 | Build | Archery Range |
| 13:21 | Create | Archer |
| 13:21 | Create | Archer |
| 13:35 | Create | Archer |
| 13:35 | Create | Archer |
| 14:17 | Create | Archer |
| 14:17 | Create | Archer |
| 14:31 | Create | Villager (Male) |
| 14:32 | Create | Villager (Male) |
| 14:32 | Create | Villager (Male) |
| 14:32 | Create | Villager (Male) |
| 14:32 | Create | Villager (Male) |
| 14:52 | Create | Archer |
| 14:52 | Create | Archer |
| 15:11 | Create | Villager (Male) |
| 15:11 | Create | Villager (Male) |
| 15:11 | Create | Villager (Male) |
| 15:14 | Create | Archer |
| 15:14 | Create | Archer |
| 15:20 | Build | House |
| 15:45 | Build | Mining Camp |
| 15:48 | Build | Mining Camp |
| 15:50 | Create | Archer |
| 15:50 | Create | Archer |
| 15:50 | Create | Archer |
| 16:08 | Create | Villager (Male) |
| 16:12 | Build | Outpost |
| 16:12 | Build | Outpost |
| 16:15 | Build | Mill |
| 16:19 | Create | Archer |
| 16:20 | Create | Archer |
| 16:24 | Create | Villager (Male) |
| 16:24 | Create | Villager (Male) |
| 16:53 | Create | Archer |
| 16:53 | Create | Archer |
| 17:10 | Create | Villager (Male) |
| 17:11 | Create | Villager (Male) |
| 17:20 | Create | Villager (Male) |
| 17:21 | Create | Villager (Male) |
| 17:22 | Build | Market |
| 17:27 | Build | Market |
| 17:30 | Create | Villager (Male) |
| 17:30 | Create | Villager (Male) |
| 17:42 | Create | Archer |
| 17:42 | Create | Archer |
| 17:53 | Create | Villager (Male) |
| 17:53 | Create | Villager (Male) |
| 17:54 | Build | Farm |
| 17:55 | Build | Farm |
| 17:56 | Build | Farm |
| 17:57 | Build | Farm |
| 18:02 | Create | Archer |
| 18:02 | Create | Archer |
| 18:09 | Create | Archer |
| 18:20 | Build | House |
| 18:20 | Build | House |
| 18:21 | Build | House |
| 18:25 | Create | Archer |
| 18:26 | Create | Archer |
| 18:35 | Create | Archer |
| 18:43 | Build | House |
| 18:43 | Build | House |
| 18:51 | Create | Archer |
| 18:51 | Create | Archer |
| 18:55 | Build | House |
| 18:56 | Build | House |
| 19:02 | Create | Villager (Male) |
| 19:02 | Create | Villager (Male) |
| 19:04 | Build | Farm |
| 19:06 | Build | Farm |
| 19:11 | Create | Archer |
| 19:11 | Create | Archer |
| 19:14 | Build | Farm |
| 19:15 | Build | Farm |
| 19:18 | Create | Archer |
| 19:19 | Create | Archer |
| 19:43 | Create | Archer |
| 19:44 | Create | Archer |
| 19:44 | Create | Villager (Male) |
| 20:07 | Create | Archer |
| 20:13 | Build | Farm |
| 20:14 | Build | Farm |
| 20:16 | Create | Villager (Male) |
| 21:01 | Create | Archer |
Build order — Dooidy
First 150 of 203 actions detected
| 0:04 | Build | Town Center |
| 1:06 | Create | Villager (Male) ×4 |
| 1:06 | Create | Villager (Male) ×4 |
| 1:53 | Build | Mill |
| 2:32 | Create | Villager (Male) |
| 2:59 | Create | Villager (Male) |
| 3:16 | Build | Lumber Camp |
| 3:23 | Create | Villager (Male) |
| 4:01 | Create | Villager (Male) |
| 4:02 | Create | Villager (Male) |
| 4:02 | Create | Villager (Male) |
| 4:42 | Create | Villager (Male) |
| 4:59 | Create | Villager (Male) |
| 5:30 | Create | Villager (Male) |
| 5:50 | Build | House |
| 6:03 | Create | Villager (Male) |
| 6:33 | Build | Mill |
| 6:34 | Research | Feudal Age |
| 6:35 | Research | Feudal Age |
| 7:40 | Create | Villager (Male) |
| 7:51 | Build | Barracks |
| 8:37 | Create | Villager (Male) |
| 8:39 | Create | Villager (Male) |
| 8:40 | Research | Loom |
| 8:44 | Age | Feudal Age |
| 8:50 | Build | Stable |
| 9:16 | Research | Double-Bit Axe |
| 9:16 | Research | Double-Bit Axe |
| 9:16 | Research | Double-Bit Axe |
| 9:26 | Build | House |
| 9:34 | Create | Villager (Male) |
| 9:42 | Create | Scout Cavalry |
| 9:42 | Create | Scout Cavalry |
| 10:03 | Build | Mill |
| 10:16 | Build | House |
| 10:19 | Create | Villager (Male) |
| 10:31 | Create | Villager (Male) |
| 10:34 | Create | Scout Cavalry |
| 10:52 | Create | Villager (Male) |
| 10:55 | Create | Scout Cavalry |
| 10:56 | Create | Scout Cavalry |
| 11:06 | Build | Blacksmith |
| 11:08 | Create | Villager (Male) |
| 11:26 | Research | Horse Collar |
| 11:26 | Research | Horse Collar |
| 11:26 | Research | Horse Collar |
| 11:32 | Create | Villager (Male) |
| 12:14 | Create | Villager (Male) |
| 12:23 | Create | Scout Cavalry |
| 12:28 | Build | House |
| 12:42 | Research | Scale Barding Armor |
| 12:42 | Research | Scale Barding Armor |
| 12:45 | Create | Villager (Male) |
| 12:53 | Create | Scout Cavalry |
| 12:56 | Build | House |
| 13:04 | Create | Villager (Male) |
| 13:07 | Build | Stable |
| 13:13 | Build | Mining Camp |
| 13:33 | Create | Scout Cavalry |
| 13:36 | Create | Villager (Male) |
| 13:43 | Create | Villager (Male) |
| 13:50 | Build | Farm |
| 13:52 | Build | Farm |
| 13:56 | Create | Scout Cavalry |
| 13:57 | Create | Scout Cavalry |
| 14:16 | Create | Scout Cavalry |
| 14:29 | Create | Villager (Male) |
| 14:32 | Create | Scout Cavalry |
| 14:53 | Create | Villager (Male) |
| 14:57 | Create | Villager (Male) |
| 15:16 | Research | Bloodlines |
| 15:16 | Research | Bloodlines |
| 15:17 | Create | Villager (Male) |
| 15:20 | Build | Farm |
| 15:21 | Build | Farm |
| 15:45 | Create | Villager (Male) |
| 15:52 | Create | Villager (Male) |
| 15:53 | Build | Farm |
| 15:54 | Build | Farm |
| 15:57 | Build | Farm |
| 15:58 | Build | Farm |
| 16:03 | Build | Farm |
| 16:29 | Create | Villager (Male) |
| 16:49 | Build | House |
| 16:54 | Build | House |
| 17:13 | Create | Villager (Male) |
| 17:14 | Create | Scout Cavalry |
| 17:14 | Create | Scout Cavalry |
| 17:18 | Build | Farm |
| 17:29 | Build | Farm |
| 17:31 | Build | Farm |
| 17:33 | Create | Villager (Male) |
| 17:35 | Build | Farm |
| 17:36 | Build | Farm |
| 18:06 | Research | Castle Age |
| 18:07 | Research | Castle Age |
| 18:24 | Create | Scout Cavalry |
| 18:32 | Create | Villager (Male) |
| 18:44 | Build | House |
| 18:45 | Build | Palisade Wall |
| 18:47 | Build | Palisade Wall |
| 18:48 | Build | Palisade Wall |
| 18:56 | Research | Gold Mining |
| 18:57 | Research | Gold Mining |
| 19:11 | Create | Scout Cavalry |
| 19:11 | Create | Scout Cavalry |
| 19:13 | Create | Spearman |
| 19:46 | Create | Scout Cavalry |
| 20:03 | Research | Forging |
| 20:32 | Build | House |
| 20:50 | Age | Castle Age |
| 20:52 | Create | Unit 1944 |
| 20:54 | Create | Unit 1944 |
| 20:57 | Research | Chain Barding Armor |
| 20:58 | Research | Chain Barding Armor |
| 21:13 | Research | Bow Saw |
| 21:13 | Research | Bow Saw |
| 21:14 | Research | Bow Saw |
| 21:14 | Create | Villager (Male) |
| 21:17 | Research | Heavy Plow |
| 21:17 | Research | Heavy Plow |
| 21:22 | Research | Husbandry |
| 21:22 | Research | Husbandry |
| 21:28 | Build | Town Center |
| 21:31 | Create | Villager (Male) |
| 21:46 | Create | Villager (Male) |
| 21:49 | Create | Unit 1944 |
| 21:51 | Create | Unit 1944 |
| 21:51 | Create | Unit 1944 |
| 22:05 | Create | Unit 1944 |
| 22:05 | Create | Unit 1944 |
| 22:14 | Create | Villager (Male) |
| 22:14 | Create | Villager (Male) |
| 22:22 | Create | Villager (Male) |
| 22:33 | Create | Unit 1944 |
| 22:33 | Create | Unit 1944 |
| 22:34 | Create | Unit 1944 |
| 22:55 | Build | Town Center |
| 23:02 | Create | Villager (Male) |
| 23:05 | Create | Unit 1944 |
| 23:05 | Create | Unit 1944 |
| 23:16 | Create | Villager (Male) |
| 23:19 | Build | Lumber Camp |
| 23:20 | Create | Villager (Male) |
| 23:34 | Create | Unit 1944 |
| 23:34 | Create | Unit 1944 |
| 23:34 | Create | Unit 1944 |
| 23:47 | Create | Villager (Male) |
| 23:47 | Create | Villager (Male) |
| 23:51 | Build | Farm |
Build order — [TNT] KKKFFFFFFCC
First 150 of 183 actions detected
| 0:09 | Build | Town Center |
| 1:21 | Create | Villager (Male) |
| 1:21 | Create | Villager (Male) |
| 1:22 | Create | Villager (Male) |
| 1:28 | Create | Villager (Male) |
| 1:28 | Create | Villager (Male) |
| 2:26 | Create | Villager (Male) |
| 2:26 | Create | Villager (Male) |
| 2:36 | Build | Lumber Camp |
| 2:42 | Create | Villager (Male) |
| 2:43 | Create | Villager (Male) |
| 3:04 | Create | Villager (Male) |
| 3:04 | Create | Villager (Male) |
| 4:10 | Create | Villager (Male) |
| 4:10 | Create | Villager (Male) |
| 4:11 | Create | Villager (Male) |
| 4:21 | Create | Villager (Male) |
| 4:21 | Create | Villager (Male) |
| 4:59 | Create | Villager (Male) |
| 5:16 | Create | Villager (Male) |
| 5:16 | Create | Villager (Male) |
| 5:34 | Build | Mill |
| 6:43 | Research | Feudal Age |
| 6:43 | Research | Feudal Age |
| 7:19 | Build | Barracks |
| 7:50 | Build | House |
| 7:52 | Create | Villager (Male) |
| 7:53 | Create | Villager (Male) |
| 8:56 | Age | Feudal Age |
| 9:06 | Build | Archery Range |
| 9:27 | Build | Archery Range |
| 9:31 | Create | Villager (Male) |
| 9:59 | Create | Archer |
| 10:05 | Build | House |
| 10:07 | Create | Villager (Male) |
| 10:16 | Build | House |
| 10:20 | Create | Archer |
| 10:32 | Create | Villager (Male) |
| 10:33 | Create | Archer |
| 10:37 | Build | House |
| 10:41 | Build | Palisade Wall |
| 10:48 | Create | Archer |
| 10:49 | Create | Villager (Male) |
| 11:07 | Create | Archer |
| 11:15 | Build | Blacksmith |
| 11:15 | Create | Villager (Male) |
| 11:21 | Create | Archer |
| 11:22 | Create | Archer |
| 11:35 | Create | Archer |
| 11:35 | Create | Villager (Male) |
| 11:44 | Build | House |
| 11:46 | Build | Palisade Gate |
| 11:49 | Create | Archer |
| 11:59 | Research | Fletching |
| 11:59 | Create | Villager (Male) |
| 12:03 | Build | Palisade Wall |
| 12:05 | Build | Palisade Wall |
| 12:10 | Build | House |
| 12:11 | Build | Palisade Wall |
| 12:12 | Create | Villager (Male) |
| 12:13 | Create | Archer |
| 12:34 | Create | Villager (Male) |
| 12:35 | Create | Archer |
| 12:51 | Build | Palisade Gate |
| 12:53 | Build | Palisade Wall |
| 13:03 | Create | Archer |
| 13:11 | Build | Palisade Wall |
| 13:13 | Create | Villager (Male) |
| 13:17 | Build | House |
| 13:32 | Create | Villager (Male) |
| 13:36 | Build | Mill |
| 13:45 | Create | Villager (Male) |
| 13:58 | Create | Archer |
| 13:59 | Create | Archer |
| 14:03 | Build | Palisade Gate |
| 14:06 | Build | Palisade Wall |
| 14:13 | Create | Villager (Male) |
| 14:21 | Create | Archer |
| 14:22 | Create | Archer |
| 14:51 | Build | House |
| 14:53 | Build | Palisade Wall |
| 15:11 | Create | Villager (Male) |
| 15:30 | Build | Market |
| 15:41 | Research | Loom |
| 16:00 | Build | Farm |
| 16:00 | Build | Farm |
| 16:02 | Create | Villager (Male) |
| 16:12 | Build | House |
| 16:34 | Create | Villager (Male) |
| 16:37 | Build | Farm |
| 16:38 | Create | Villager (Male) |
| 16:42 | Build | House |
| 16:47 | Build | Farm |
| 17:02 | Build | House |
| 17:03 | Build | House |
| 17:04 | Build | House |
| 17:11 | Build | House |
| 17:12 | Build | Palisade Wall |
| 17:17 | Create | Villager (Male) |
| 17:25 | Create | Archer |
| 17:26 | Create | Archer |
| 17:33 | Create | Villager (Male) |
| 17:41 | Build | House |
| 17:42 | Build | House |
| 17:55 | Build | House |
| 18:11 | Build | Farm |
| 18:30 | Build | House |
| 18:46 | Research | Castle Age |
| 18:47 | Research | Castle Age |
| 18:47 | Research | Castle Age |
| 19:17 | Create | Villager (Male) |
| 19:18 | Create | Archer |
| 19:18 | Create | Archer |
| 19:28 | Build | House |
| 19:29 | Build | House |
| 19:49 | Research | Double-Bit Axe |
| 19:50 | Create | Archer |
| 19:50 | Create | Archer |
| 19:55 | Build | House |
| 19:56 | Build | House |
| 20:12 | Research | Padded Archer Armor |
| 20:14 | Create | Archer |
| 20:15 | Create | Archer |
| 20:37 | Create | Archer |
| 21:15 | Build | Lumber Camp |
| 21:25 | Create | Villager (Male) |
| 21:26 | Age | Castle Age |
| 21:28 | Build | Mining Camp |
| 21:31 | Research | Bodkin Arrow |
| 21:46 | Research | Crossbowman (upgrade) |
| 21:49 | Build | Farm |
| 21:51 | Build | Farm |
| 21:54 | Build | University |
| 22:08 | Create | Villager (Male) |
| 22:11 | Build | Farm |
| 22:12 | Build | Farm |
| 22:16 | Create | Villager (Male) |
| 22:52 | Create | Archer |
| 23:05 | Create | Villager (Male) |
| 23:05 | Create | Villager (Male) |
| 23:13 | Research | Ballistics |
| 23:20 | Create | Villager (Male) |
| 23:21 | Create | Archer |
| 23:21 | Create | Archer |
| 23:41 | Create | Villager (Male) |
| 23:42 | Create | Archer |
| 23:42 | Create | Archer |
| 23:53 | Create | Archer |
| 23:53 | Create | Archer |
| 24:02 | Build | Farm |
Match timeline
| 3:46 | BeefBro · wall_segment Palisade Wall x1 |
| 4:02 | BeefBro · wall_segment Palisade Wall x1 |
| 4:03 | BeefBro · wall_segment Palisade Wall x1 |
| 4:04 | BeefBro · wall_segment Palisade Wall x1 |
| 4:54 | ANKR.ice cream · first_building Barracks |
| 5:01 | BeefBro · wall_segment Palisade Wall x1 |
| 5:01 | BeefBro · wall_segment Palisade Wall x1 |
| 5:13 | BeefBro · wall_segment Palisade Wall x1 |
| 5:14 | BeefBro · wall_segment Palisade Wall x1 |
| 5:56 | BeefBro · wall_segment Palisade Wall x8 |
| 6:54 | BeefBro · wall_segment Palisade Wall x4 |
| 6:57 | BeefBro · wall_segment Palisade Wall x4 |
| 6:58 | OnlyOuOb · first_building Barracks |
| 7:02 | Overcome · first_building Barracks |
| 7:11 | OS | dreamerion92 · first_building Barracks |
| 7:19 | [TNT] KKKFFFFFFCC · first_building Barracks |
| 7:51 | Dooidy · first_building Barracks |
| 8:10 | OS | dreamerion92 · age_up feudal |
| 8:14 | 復健中 · age_up feudal |
| 8:15 | OS | dreamerion92 · first_building Archery Range |
| 8:17 | 復健中 · first_building Stable |
| 8:39 | ANKR.ice cream · age_up feudal |
| 8:43 | ANKR.ice cream · first_building Archery Range |
| 8:44 | Dooidy · age_up feudal |
| 8:50 | Dooidy · first_building Stable |
| 8:56 | [TNT] KKKFFFFFFCC · age_up feudal |
| 9:00 | BeefBro · wall_segment Palisade Wall x10 |
| 9:06 | BeefBro · wall_segment Palisade Wall x7 |
| 9:06 | [TNT] KKKFFFFFFCC · first_building Archery Range |
| 9:09 | Overcome · age_up feudal |
| 9:12 | Overcome · first_building Stable |
| 9:14 | OnlyOuOb · age_up feudal |
| 9:15 | OnlyOuOb · first_building Stable |
| 9:37 | 復健中 · wall_segment Palisade Wall x8 |
| 9:52 | OnlyOuOb · wall_segment Palisade Wall x4 |
| 10:32 | 復健中 · wall_segment Palisade Wall x8 |
| 10:41 | [TNT] KKKFFFFFFCC · wall_segment Palisade Wall x6 |
| 10:53 | BeefBro · age_up feudal |
| 11:37 | Overcome · wall_segment Palisade Wall x1 |
| 11:38 | Overcome · wall_segment Palisade Wall x1 |
| 11:38 | Overcome · wall_segment Palisade Wall x1 |
| 12:03 | [TNT] KKKFFFFFFCC · wall_segment Palisade Wall x1 |
| 12:05 | [TNT] KKKFFFFFFCC · wall_segment Palisade Wall x6 |
| 12:11 | [TNT] KKKFFFFFFCC · wall_segment Palisade Wall x5 |
| 12:53 | [TNT] KKKFFFFFFCC · wall_segment Palisade Wall x6 |
| 12:53 | 復健中 · wall_segment Palisade Wall x5 |
| 13:06 | OnlyOuOb · wall_segment Palisade Wall x5 |
| 13:10 | OnlyOuOb · wall_segment Palisade Wall x8 |
| 13:11 | [TNT] KKKFFFFFFCC · wall_segment Palisade Wall x9 |
| 13:57 | Overcome · wall_segment Palisade Wall x12 |
| 13:59 | Overcome · wall_segment Palisade Wall x5 |
| 14:06 | [TNT] KKKFFFFFFCC · wall_segment Palisade Wall x3 |
| 14:31 | BeefBro · age_up castle |
| 14:31 | OnlyOuOb · wall_segment Palisade Wall x1 |
| 14:33 | OnlyOuOb · wall_segment Palisade Wall x2 |
| 14:34 | OnlyOuOb · wall_segment Palisade Wall x8 |
| 14:53 | [TNT] KKKFFFFFFCC · wall_segment Palisade Wall x7 |
| 15:38 | Overcome · wall_segment Palisade Wall x1 |
| 16:09 | BeefBro · first_market_buy 500 food |
| 17:12 | [TNT] KKKFFFFFFCC · wall_segment Palisade Wall x1 |
| 17:30 | [TNT] KKKFFFFFFCC · first_market_buy 100 food |
| 17:59 | Overcome · wall_segment Palisade Wall x1 |
| 18:01 | Overcome · wall_segment Palisade Wall x1 |
| 18:06 | OS | dreamerion92 · first_market_sell 500 wood |
| 18:08 | OS | dreamerion92 · first_market_buy 500 food |
| 18:23 | 復健中 · wall_segment Palisade Wall x4 |
| 18:26 | 復健中 · wall_segment Palisade Wall x3 |
| 18:45 | Dooidy · wall_segment Palisade Wall x3 |
| 18:47 | Dooidy · wall_segment Palisade Wall x6 |
| 18:48 | Dooidy · wall_segment Palisade Wall x3 |
| 19:48 | BeefBro · first_building Castle |
| 19:58 | Overcome · wall_segment Palisade Wall x1 |
| 20:50 | Dooidy · age_up castle |
| 20:55 | 復健中 · age_up castle |
| 21:13 | Overcome · age_up castle |
| 21:26 | [TNT] KKKFFFFFFCC · age_up castle |
| 21:35 | OS | dreamerion92 · wall_segment Palisade Wall x5 |
| 21:37 | ANKR.ice cream · first_market_sell 500 wood |
| 21:42 | ANKR.ice cream · first_market_buy 100 food |
| 21:50 | OS | dreamerion92 · age_up castle |
| 22:58 | ANKR.ice cream · wall_segment Palisade Wall x1 |
| 22:59 | ANKR.ice cream · wall_segment Palisade Wall x1 |
| 23:00 | ANKR.ice cream · wall_segment Palisade Wall x1 |
| 23:01 | ANKR.ice cream · wall_segment Palisade Wall x1 |
| 23:02 | ANKR.ice cream · wall_segment Palisade Wall x1 |
| 23:18 | ANKR.ice cream · wall_segment Palisade Wall x11 |
| 23:44 | ANKR.ice cream · wall_segment Palisade Wall x4 |
| 23:47 | ANKR.ice cream · wall_segment Palisade Wall x4 |
| 24:22 | ANKR.ice cream · wall_segment Palisade Wall x1 |
| 24:26 | OnlyOuOb · age_up castle |
| 24:54 | Overcome · first_building Monastery |
| 24:59 | Overcome · wall_segment Stone Wall x1 |
| 25:04 | ANKR.ice cream · age_up castle |
| 26:17 | Dooidy · first_building Monastery |
| 26:52 | Overcome · resign |
[ AI ANALYSIS · 1 CREDIT ]
What really happened in this match?
Wolo.gg analyzes every decision: build order, eco, micro, common mistakes by bracket. Personalized analysis on WhatsApp or Discord in 30 seconds.
Civ guide
Franks
Perfil
OnlyOuOb